 Dungeon Crawl Stone Soup version 0.31-a0-543-geaa9c7a2c0 (webtiles) character file.

Game seed: 15481447517710623795

25 Morbidden the Slasher (level 3, 28/28 HPs)
             Began as a Barachi Gladiator on Aug 15, 2023.
             Quit the game on level 1 of the Dungeon.
             The game lasted 00:00:58 (777 turns).

Morbidden the Slasher (Barachi Gladiator)            Turns: 777, Time: 00:00:59

Health: 28/28      AC:  5    Str: 15    XL:     3   Next: 6%
Magic:  3/3        EV: 12    Int: 10    God:
Gold:   54         SH:  0    Dex: 13    Spells: 2/2 levels left

rFire   . . .        a - +0 long sword
rCold   . . .        (no shield)
rNeg    + . .        b - +0 leather armour
rPois   .            c - +0 helmet
rElec   .            (no cloak)
rCorr   .            (no gloves)
SInv    .            h - +0 pair of boots
Will    .....        (no amulet)
Stlth   +            k - ring of positive energy
HPRegen 0.24/turn    (no ring)
MPRegen 0.08/turn

%: no passive effects
@: about to teleport, slow
A: amphibious, slowness 1, strong legs 1, +LOS
a: Hop


You were on level 1 of the Dungeon.
You visited 1 branch of the dungeon, and saw 1 of its levels.

You collected 54 gold pieces.

Inventory:

Hand Weapons
 a - a +0 long sword (weapon)
Missiles
 d - 3 throwing nets (quivered)
 e - a javelin
Armour
 b - a +0 leather armour (worn)
 c - a +0 helmet (worn)
 h - a +0 pair of boots (worn)
Jewellery
 k - a ring of positive energy (left hand)
Potions
 i - a potion of mutation {unknown}


   Skills:
 * Level 2.7 Fighting
 * Level 4.2 Long Blades
 + Level 2.0 Throwing
 * Level 0.4 Armour
 * Level 3.8 Dodging


You had 2 spell levels left.
You didn't know any spells.
Your spell library was empty.

Dungeon Overview and Level Annotations

Branches:
Dungeon (1/15)

Altars:

Shops:
D:1 **!


Innate Abilities, Weirdness & Mutations

You are amphibious.
You cover ground slowly.
You can hop short distances.
You have an extended range of vision and can be seen from far away.


Message History

A giant cockroach is nearby!
Unknown command.
You are too injured to fight recklessly!
You are too injured to fight recklessly!
You hit the giant cockroach.
The giant cockroach is severely wounded.
The giant cockroach barely misses you.
You hit the giant cockroach.
You kill the giant cockroach!
Unknown command.
You start resting.
HP restored.
You start waiting.
Done waiting.
You start waiting.
Done waiting.
You see here a hobgoblin skeleton.
You open the door.
There is an open door here.
Done exploring.
Done exploring.
Done exploring.
Done exploring.
Done exploring.
Are you sure you want to abandon this character and quit the game? (Confirm with "yes".)
Okay, then.
Unknown command.
As you read the scroll labelled ODAICK RELUCUZ, it crumbles to dust.
You feel strangely unstable.
It was a scroll of teleportation.
Unknown command.
Blink to where?
Press: ? - help, Dir - move target, f - you Blink to where?
Press: ? - help, Dir - move target
As you read the scroll labelled COPHIA EHAYL, it crumbles to dust.
It was a scroll of blinking.
As you read the scroll labelled HEZAOKA EGGYONK, it crumbles to dust.
Wisps of shadow whirl around you...
It was a scroll of summoning.
Unknown command.
Are you sure you want to abandon this character and quit the game? (Confirm with "yes".)

............................# ###
#.#####.......###...........###..
..##..+.......# #....).......##..
####.##.......# #..........÷.....
# #.##.......# ######.......#...
# #.##.......# #.......##.. ##
#.##.####### #########....
.###.##.# #######.......#....
....∩...# #.@Kg.........#...[
.###.##########.g...........#...#
.#...# #.......J.....#######...#
....## #................# #...#
##### #.......####.....# ##### #
#.......# #.....# # # #.......#
#...(.# # # #.......# #.....# #
######### #.....##### #


You could see a friendly endoplasm (summoned), 2 friendly hobgoblins and a
friendly kobold (summoned).

Vanquished Creatures
  4 endoplasms (D:1)
  2 giant cockroaches (D:1)
  2 goblins (D:1)
  3 hobgoblins (D:1)
  A kobold (D:1)
  4 ball pythons (D:1)
  3 bats (D:1)
  A frilled lizard (D:1)
  2 rats (D:1)
22 creatures vanquished.

Notes
Turn   | Place    | Note
-------+----------+-------------------------------------------
     0 | D:1      | Morbidden the Barachi Gladiator began the quest for the
                  | Orb.
     0 | D:1      | Reached XP level 1. HP: 17/17 MP: 1/1
    84 | D:1      | Reached XP level 2. HP: 23/23 MP: 2/2
    92 | D:1      | Found Zefoigoo's Distillery.
   110 | D:1      | Reached skill level 4 in Long Blades
   251 | D:1      | Found Ucho's General Store.
   284 | D:1      | Found Leha's Assorted Antiques.
   464 | D:1      | Reached XP level 3. HP: 16/28 MP: 3/3
   777 | D:1      | Quit the game

Illustrated notes

Levels and vault maps discovered:
D:1:      saegor_arrival_simple_e, layout_basic, serial_shops,
          nicolae_shop_tiny_real_fake_doors, nicolae_shop_crystal,
          nicolae_shop_advertising_works [nicolae_subvault_shop_adworks]

Skill      XL: |  1  2 |
---------------+-------+-----
Long Blades    | 4 |  4.2
Fighting       | |  2.7
Throwing       | |  2.0
Armour         | |  0.4
Dodging        | |  3.8

Action                     || total
---------------------------++-------
  Melee: Long sword        ||    59
    Use: Scroll            ||     3
 Armour: Leather armour    ||    33
  Dodge: Dodged            ||    57

Table legend: (Time is in decaauts)
 A = Elapsed time spent in this place.
 B = Non-inter-level travel time spent in this place.
 C = Inter-level travel time spent in this place.
 D = Time resting spent in this place.
 E = Time spent auto-exploring this place.
 F = Levels seen in this place.
 G = Mean time per level.
                   A        B        C        D        E       F      G
               +--------+--------+--------+--------+--------+-----+--------+
         Total |    866 |    866 |      0 |    251 |    461 |   1 |  866.0 |
       Dungeon |    866 |    866 |      0 |    251 |    461 |   1 |  866.0 |
               +--------+--------+--------+--------+--------+-----+--------+

Top non-repeatable levels by time:
     D:1: 866 daAuts
